 Dungeon Crawl Stone Soup version 0.31-a0-836-g3ceb0a68c4 (webtiles) character file.

Game seed: 13888218225822263823

21082 IdlyInterested the Slicer (level 12, -4/77 HPs)
             Began as a Demonspawn Fighter on Sept 26, 2023.
             Was an Elder of Hepliaklqana.
             Slain by an enormous slime creature (37 damage)
             ... on level 12 of the Dungeon.
             The game lasted 01:05:14 (16265 turns).

IdlyInterested the Slicer (Demonspawn Fighter)     Turns: 16265, Time: 01:05:15

Health: -4/77      AC:  7    Str: 16    XL:     12   Next: 51%
Magic:  0/19       EV: 12    Int: 14    God:    Hepliaklqana [****..]
Gold:   193        SH:  5    Dex: 20    Spells: 19/21 levels left

rFire   . . .        k - +3 quick blade (drain)
rCold   . . .        c - +0 buckler
rNeg    . . .        i - +0 acid dragon scales
rPois   .            q - +1 hat
rElec   .            X - scarf {repulsion}
rCorr   +            (no gloves)
SInv    .            (no boots)
Will    +....        S - amulet of magic regeneration
Stlth   ++++++       y - ring of willpower
HPRegen 0.32/turn    A - ring of wizardry
MPRegen 0.72/turn

%: repel missiles, guardian spirit, wizardry (x1)
@: mighty, studying Invocations
A: reduced essence, antennae 1, thin skeletal structure 3, powered by pain 2,
magic shield, magic regeneration
a: Renounce Religion, Recall Ancestor, Ancestor Identity, Transference, Idealise


You were on level 12 of the Dungeon.
You worshipped Hepliaklqana.
Hepliaklqana was greatly pleased with you.
You visited 2 branches of the dungeon, and saw 13 of its levels.
You also visited: Sewer.

You collected 1248 gold pieces.
You spent 1055 gold pieces at shops.

Inventory:

Hand Weapons
 k - a +3 quick blade of draining (weapon)
 C - a +1 short sword of venom
Missiles
 f - 7 boomerangs
 o - 5 javelins
 D - 37 poisoned darts (quivered)
 F - 3 silver javelins
 N - a curare-tipped dart
 O - a throwing net
Armour
 c - a +0 buckler (worn)
 i - +0 acid dragon scales (worn)
 q - a +1 hat (worn)
 v - a +0 crystal plate armour
 E - +0 steam dragon scales
 X - a scarf of repulsion (worn)
Magical Staves
 B - a staff of air
 U - a staff of fire
Jewellery
 w - an amulet of reflection
 y - a ring of willpower (left hand)
 A - a ring of wizardry (right hand)
 G - a ring of protection from fire
 Q - a ring of willpower
 S - an amulet of magic regeneration (around neck)
 Z - a ring of resist corrosion
Wands
 b - a wand of paralysis (6)
 t - a wand of flame (4)
 H - a wand of polymorph (25)
 I - a wand of mindburst (18)
 M - a wand of acid (5)
 W - a wand of digging (11)
Scrolls
 a - a scroll of revelation
 d - 3 scrolls of blinking
 e - 2 scrolls of fog
 r - 4 scrolls of vulnerability
 u - 5 scrolls of poison
 J - a scroll of brand weapon
 P - 2 scrolls of immolation
 T - 6 scrolls of teleportation
 V - a scroll of enchant weapon
 Y - 2 scrolls of fear
Potions
 g - a potion of ambrosia
 h - 2 potions of resistance {unknown}
 l - a potion of cancellation {unknown}
 m - 6 potions of curing
 n - 4 potions of magic
 p - 5 potions of enlightenment
 s - a potion of invisibility {unknown}
 x - 2 potions of mutation
 z - 4 potions of attraction
 K - 4 potions of brilliance
 R - 2 potions of might
Miscellaneous
 j - a sack of spiders
 L - a phantom mirror (inert)


   Skills:
 + Level 5.1 Fighting
 - Level 14.0 Short Blades
 - Level 2.0 Throwing
 - Level 3.0 Armour
 - Level 3.0 Dodging
 - Level 5.0 Stealth
 - Level 3.0 Shields
 - Level 5.0 Spellcasting
 * Level 8.4 Summonings
 + Level 9.8 Invocations
 - Level 2.0 Evocations
 - Level 2.0 Shapeshifting


You had 19 spell levels left.
You knew the following spells:

 Your Spells              Type           Power      Damage    Failure   Level
a - Call Imp              Summ           54%        N/A       1%          2

Your spell library contained the following spells:

 Spells                   Type           Power      Damage    Failure   Level
 Freeze                   Ice            12%        1d3       12%         1
 Magic Dart               Conj           12%        1d3       12%         1
 Jinxbite                 Hex            6%         N/A       19%         2
 Scorch                   Fire           6%         2d5       19%         2
 Frozen Ramparts          Ice            6%         1d1       34%         3
 Hailstorm                Conj/Ice       3%         3d3       34%         3
 Inner Flame              Hex/Fire       3%         N/A       34%         3
 Mephitic Cloud           Conj/Pois/Air  3%         N/A       34%         3
 Ozocubu's Armour         Ice            3%         N/A       34%         3
 Summon Forest            Summ/Tloc      7%         N/A       50%         5
 Summon Cactus Giant      Summ           13%        N/A       50%         6
 Flame Wave               Conj/Fire      3%         2d5       73%         4
 Leda's Liquefaction      Hex/Erth       1%         N/A       73%         4
 Petrify                  Tmut/Erth      3%         N/A       73%         4
 Metabolic Englaciation   Hex/Ice        1%         N/A       96%         5
 Summon Hydra             Summ           13%        N/A       96%         7
 Eringya's Noxious Bog    Tmut/Pois      1%         4d6       100%        6
 Starburst                Conj/Fire      1%         6d3       100%        6
 Ozocubu's Refrigeration  Ice            1%         4d7       100%        7
 Lehudib's Crystal Spear  Conj/Erth      1%         10d2      100%        8


Dungeon Overview and Level Annotations

Branches:
Dungeon (12/15)            Temple (1/1) D:5            Lair (0/5) D:11
    Orc (0/2) D:11          Sewer (visited)

Altars:
Ashenzari
Cheibriados
Dithmenos
Fedhas
Gozag
Hepliaklqana
Kikubaaqudgha
Makhleb
Nemelex Xobeh
Okawaru
Qazlal
Ru
Sif Muna
Trog
Uskayaw
Vehumet
Wu Jian
Xom
Yredelemnul

Shops:
D:3 *!*


Innate Abilities, Weirdness & Mutations

Your life essence is reduced to manifest your ancestor. (-10% HP)
You have a pair of small antennae on your head.
You have an unnaturally thin skeletal structure. (Dex +6, Stealth+++)
You sometimes gain power by taking damage.
When hurt, damage is shared between your health and your magic reserves.
You regenerate magic rapidly.


Message History

The fire elemental disappears in a puff of smoke!
The fire elemental barely misses Nenetl.
You puncture the skeletal warrior! x2
The skeletal warrior is severely damaged.
The skeletal warrior closely misses you.
You hit the skeletal warrior. You puncture the skeletal warrior!
The skeletal warrior is almost destroyed.
Your cerulean imp closely misses the fire elemental.
You barely miss the skeletal warrior. x2
The skeletal warrior is almost destroyed.
The fire elemental closely misses Nenetl.
The fire elemental hits you. The fire elemental burns you!
You focus on the pain.
You feel mightier all of a sudden.
The skeletal warrior hits you with a +0 short sword!
You puncture the skeletal warrior!
You destroy the skeletal warrior!
Your cerulean imp misses the fire elemental.
Aiming: Paralyse
Press: ? - help, Shift-Dir - straight line, f/p - skeletal warrior
Aim: a skeletal warrior, wielding a +0 glaive (chance to affect: 3%)
Okay, then.
Throw: 4 javelins (silver)
Press: ? - help, Shift-Dir - straight line, f/p - skeletal warrior
Aim: a skeletal warrior, wielding a +0 glaive (63% to hit)
You throw a silver javelin.
The silver javelin pierces through the enormous slime creature!
The enormous slime creature is lightly wounded.
The silver javelin pierces through the skeletal warrior but does no damage.
The skeletal warrior is lightly damaged.
The silver javelin pierces through the skeletal warrior.
The skeletal warrior is lightly damaged.
The fire elemental completely misses you.
The fire elemental hits Nenetl.
The fire elemental burns Nenetl!
Nenetl resists.
Nenetl is destroyed!
The fire elemental hits you. The fire elemental burns you!
Your cerulean imp misses the fire elemental.
The enormous slime creature hits you!!!
You die...

.........###........#
.......#...#........#
....................#
.....[..>...........#
..........)...).....#
.#.#..<..>.........#
###.....5○○..####
......#EE○.##
...######@##°○# ..#
#J# ○.# .. #y# ..# ..


yz# E.# .. yz. °.. .... #.## .... .. ...(.. You could see 2 skeletal warriors,
an enormous slime creature, 2 fire elementals, 3 vampire mosquitoes and a
friendly cerulean imp (summoned).

Vanquished Creatures
  Fannar (D:11)
  A death knight (D:10)
  2 boulder beetles
  4 two-headed ogres
  Nergalle (D:10)
  Lodul (D:11)
  A skeletal warrior (D:12)
  Pikel (D:4)
  A wizard (D:10)
  2 deep elf pyromancers
  2 cyclopes
  An ugly thing (D:10)
  A manticore (D:11)
  2 kobold demonologists
  An unseen horror (D:11)
  Psyche (D:9)
  2 komodo dragons
  A slime creature (D:12)
  A wraith (D:10)
  2 wyverns
  A basilisk (shapeshifter) (D:10)
  4 yaks (D:10)
  2 steam dragons
  A human (shapeshifter) (D:10)
  Grum (D:10)
  2 vampire mosquitoes (D:12)
  3 wargs (D:11)
  3 acid dragons
  3 water moccasins
  3 black bears (D:5)
  A sky beast (D:5)
  7 orc warriors
  4 wolves
  4 ogres (D:11)
  6 centaurs
  3 kobold brigands
  Blork the orc (D:4)
  A gnoll sergeant (D:11)
  3 scorpions
  3 bullfrogs
  8 wights
  9 killer bees (D:9)
  8 howler monkeys
  The ghost of DApurpleWHUMPUS the Caller, a weakling DESu (D:3)
  3 hounds
  Crazy Yiuf (D:3)
  9 orc priests
  2 jellies
  2 sleepcaps
  4 iguanas
  6 orc wizards
  7 gnolls
  6 adders
  3 river rats
  An ufetubus (D:5)
  3 worms
  2 dart slugs
  29 orcs
  6 endoplasms
  9 giant cockroaches
  7 goblins
  12 jackals
  9 quokkas
  9 ball pythons
  5 bats
  3 frilled lizards (D:2)
  15 kobolds
  13 rats
277 creatures vanquished.

Vanquished Creatures (collateral kills)
  Erolcha (D:11)
  A gargoyle (D:12)
  2 steam dragons
  A vampire mosquito (D:12)
  2 ogres (D:11)
  A bullfrog (D:7)
  3 wights (D:9)
  2 killer bees (D:9)
  A howler monkey (D:12)
  An orc priest (D:9)
  3 orc wizards
  7 orcs
  A goblin (D:7)
  A kobold (D:9)
27 creatures vanquished.

Vanquished Creatures (others)
  3 hexers
3 creatures vanquished.

Grand Total: 307 creatures vanquished

Notes
Turn   | Place    | Note
-------+----------+-------------------------------------------
     0 | D:1      | IdlyInterested the Demonspawn Fighter began the quest for
                  | the Orb.
     0 | D:1      | Reached XP level 1. HP: 18/18 MP: 1/1
    43 | D:1      | Reached skill level 2 in Short Blades
   167 | D:1      | Gained mutation: You have a somewhat thin skeletal
                  | structure. (Dex +2, Stealth+) [demonic ancestry]
   167 | D:1      | Reached XP level 2. HP: 24/24 MP: 2/2
   837 | D:1      | Reached skill level 1 in Throwing
   847 | D:1      | Reached XP level 3. HP: 29/29 MP: 3/3
  1273 | D:2      | Reached skill level 3 in Short Blades
  1273 | D:2      | Reached skill level 1 in Dodging
  1273 | D:2      | Gained mutation: You have a moderately thin skeletal
                  | structure. (Dex +4, Stealth++) [demonic ancestry]
  1273 | D:2      | Reached XP level 4. HP: 34/35 MP: 4/4
  1578 | D:2      | Reached skill level 1 in Stealth
  1865 | D:2      | Reached skill level 1 in Spellcasting
  2464 | D:3      | Found Linluluf's Assorted Antiques.
  2504 | D:3      | Found Allit's Distillery.
  2508 | D:3      | Bought a scroll labelled GIOZISSAFOTS for 23 gold pieces
  2541 | D:3      | Found Runo's General Store.
  2547 | D:2      | Reached skill level 1 in Invocations
  2547 | D:2      | Gained mutation: You regenerate magic rapidly. [demonic
                  | ancestry]
  2547 | D:2      | Reached XP level 5. HP: 32/41 MP: 6/6
  2667 | D:3      | Reached skill level 1 in Evocations
  3010 | D:3      | Found an ornate altar of the Wu Jian Council.
  3077 | D:3      | Found a runed translucent door.
  3078 | D:3      | Noticed Crazy Yiuf
  3224 | D:3      | Found a large runed translucent door.
  3224 | D:3      | Found a large runed translucent door.
  3225 | D:3      | Noticed DApurpleWHUMPUS's ghost (weakling DESu)
  3255 | D:3      | Killed DApurpleWHUMPUS's ghost
  3256 | D:3      | Reached skill level 1 in Shapeshifting
  3350 | D:3      | Killed Crazy Yiuf
  3351 | D:3      | Reached skill level 4 in Short Blades
  3474 | D:4      | Gained mutation: You have an unnaturally thin skeletal
                  | structure. (Dex +6, Stealth+++) [demonic ancestry]
  3474 | D:4      | Reached XP level 6. HP: 38/47 MP: 7/7
  3653 | D:4      | Found a glowing drain.
  3658 | Sewer    | Entered a sewer
  4072 | D:4      | Noticed Pikel
  4097 | D:4      | Killed Pikel
  4098 | D:4      | Reached skill level 6 in Short Blades
  4098 | D:4      | Reached XP level 7. HP: 17/52 MP: 8/8
  4240 | D:4      | Found a snail-covered altar of Cheibriados.
  4289 | D:4      | Noticed Blork the orc
  4305 | D:4      | Killed Blork the orc
  4306 | D:4      | Reached skill level 7 in Short Blades
  4306 | D:4      | Gained mutation: You have a pair of small antennae on your
                  | head. [demonic ancestry]
  4306 | D:4      | Reached XP level 8. HP: 53/58 MP: 9/9
  5218 | D:3      | Bought a copper wand for 92 gold pieces
  5218 | D:3      | Bought a sharpened gold wand for 92 gold pieces
  5350 | D:5      | Entered Level 5 of the Dungeon
  5504 | D:5      | Found a staircase to the Ecumenical Temple.
  5867 | D:5      | Reached skill level 8 in Short Blades
  6120 | D:5      | Found a shimmering blue altar of Sif Muna.
  6691 | D:5      | Found a basalt altar of Yredelemnul.
  6819 | Temple   | Entered the Ecumenical Temple
  6849 | Temple   | Became a worshipper of Hepliaklqana the Forgotten
  7570 | D:6      | Reached skill level 9 in Short Blades
  7570 | D:6      | Gained mutation: You sometimes gain a little power by
                  | taking damage. [demonic ancestry]
  7570 | D:6      | Reached XP level 9. HP: 33/65 MP: 10/10
  7585 | D:6      | Learned a level 2 spell: Call Imp
  8355 | D:3      | Bought a scroll of enchant weapon for 75 gold pieces
  8390 | D:3      | Bought a potion of degeneration for 14 gold pieces
  8424 | D:3      | Bought a scroll of identify for 20 gold pieces
  8725 | D:7      | Reached * piety under Hepliaklqana
  9129 | D:7      | Found an iron altar of Okawaru.
  9246 | D:7      | Found a hide-covered altar of Uskayaw.
  9463 | D:3      | Bought a potion of attraction for 42 gold pieces
  9973 | D:8      | Reached skill level 10 in Short Blades
 10427 | D:8      | Noticed a two-headed ogre
 10428 | D:8      | Killed a two-headed ogre
 10646 | D:8      | Reached skill level 11 in Short Blades
 10646 | D:8      | Gained mutation: You sometimes gain power by taking damage.
                  | [demonic ancestry]
 10646 | D:8      | Reached XP level 10. HP: 63/63 MP: 12/14
 10802 | D:3      | Bought a potion of haste for 140 gold pieces
 10985 | D:9      | Identified a scroll of acquirement
 10987 | D:9      | Acquired a +1 quick blade of draining
 11059 | D:9      | Reached ** piety under Hepliaklqana
 11059 | D:9      | Found a burning altar of Makhleb.
 11061 | D:9      | Remembered your ancestor Nenetl as a hexer
 11559 | D:9      | Noticed Psyche
 11561 | D:9      | Killed Psyche
 11812 | D:9      | Reached skill level 12 in Short Blades
 12323 | D:10     | Entered Level 10 of the Dungeon
 12370 | D:10     | Noticed Grum
 12406 | D:10     | Noticed Nergalle
 12414 | D:10     | Killed Nergalle
 12415 | D:10     | Noticed a wizard
 12574 | D:10     | Noticed a deep elf pyromancer
 12580 | D:10     | Noticed a brown ugly thing
 12582 | D:10     | Noticed a boulder beetle
 12583 | D:10     | Noticed a cyclops
 12586 | D:10     | Killed a deep elf pyromancer
 12592 | D:10     | Noticed a death knight
 12600 | D:10     | Killed a brown ugly thing
 12616 | D:10     | Reached skill level 13 in Short Blades
 12618 | D:10     | Gained mutation: When hurt, damage is shared between your
                  | health and your magic reserves. [demonic ancestry]
 12618 | D:10     | Reached XP level 11. HP: 34/69 MP: 17/17
 12643 | D:10     | Killed a death knight
 12665 | D:10     | Killed a boulder beetle
 12680 | D:10     | Reached skill level 14 in Short Blades
 12828 | D:10     | Reached skill level 1 in Summonings
 13042 | D:10     | Killed Grum
 13061 | D:10     | Killed a wizard
 13236 | D:10     | Got an odd book
 13239 | D:10     | Got a moldy book
 13338 | D:10     | Noticed a two-headed ogre
 13351 | D:10     | Killed a two-headed ogre
 13352 | D:10     | Reached skill level 5 in Fighting
 13404 | D:10     | Acquired a manual of Invocations
 13427 | D:10     | Reached *** piety under Hepliaklqana
 13624 | D:10     | Found a shimmering blue altar of Sif Muna.
 13756 | D:10     | Found a sparkling altar of Nemelex Xobeh.
 13760 | D:10     | Found a bloodstained altar of Trog.
 13990 | D:3      | Bought 2 potions of magic for 224 gold pieces
 14177 | D:11     | Noticed a boulder beetle
 14189 | D:11     | Killed a boulder beetle
 14190 | D:11     | Reached skill level 5 in Summonings
 14278 | D:11     | Reached skill level 5 in Invocations
 14377 | D:11     | Found a staircase to the Orcish Mines.
 14484 | D:11     | Noticed Fannar
 14508 | D:11     | Killed Fannar
 14670 | D:11     | Noticed Lodul
 14682 | D:11     | Reached XP level 12. HP: 6/77 MP: 13/19
 14689 | D:11     | Killed Lodul
 14987 | D:11     | Noticed Erolcha
 14997 | D:11     | Killed Erolcha
 14998 | D:11     | Reached skill level 5 in Spellcasting
 15082 | D:11     | Found a staircase to the Lair.
 15381 | D:11     | Reached **** piety under Hepliaklqana
 15533 | D:11     | Noticed a two-headed ogre
 15540 | D:11     | Killed a two-headed ogre
 15807 | D:3      | Bought a potion of ambrosia for 112 gold pieces
 15807 | D:3      | Bought a potion of curing for 42 gold pieces
 15807 | D:3      | Bought a potion of curing for 42 gold pieces
 15841 | D:3      | Bought 5 stones for 5 gold pieces
 15841 | D:3      | Bought a scroll of poison for 40 gold pieces
 15875 | D:3      | Bought a potion of might for 92 gold pieces
 16233 | D:12     | Noticed a two-headed ogre
 16254 | D:12     | Killed a two-headed ogre
 16255 | D:12     | Reached skill level 5 in Stealth
 16265 | D:12     | Slain by an enormous slime creature

Illustrated notes

Levels and vault maps discovered:
D:1:      dpeg_arrival_houses_and_road, layout_loops_cross,
          amcnicky_mini_rare_corridor_liquid, minmay_misc_feat_five,
          serial_park_tiny_1, nicolae_hexahallways
D:2:      minmay_evil_eye, layout_loops_ring, serial_rivers,
          chequers_serial_rivers_room_b, chequers_serial_rivers_room_a,
          chequers_serial_rivers_micro_d, chequers_serial_rivers_room_a,
          chequers_serial_rivers_small_a, chequers_serial_rivers_micro_c
D:3:      layout_rooms, mainiacjoe_overflow_alcove_4,
          ebering_ghost_disaster_area, serial_shops, shop,
          nicolae_shop_statue_plus, nicolae_shop_competitors_out_of_business,
          minmay_stone_trees_small, hex_large, uniq_crazy_yiuf_cottage
D:4:      layout_loops_corners, cheibrodos_worm_habitat, portal_sewer_entry_e,
          serial_aquarium, aquarium_bridge_square [aquarium_subvault_bridge,
          aquarium_subvault_bridge, aquarium_subvault_window,
          aquarium_subvault_wall], aquarium_window_fake, aquarium_window_fake,
          aquarium_view_2c, aquarium_view_2b, uniq_pikel, uniq_blork_the_orc
D:5:      layout_basic, minmay_temple_entry_statues, hangedman_feature_mirror
D:6:      layout_basic
D:7:      layout_basic, kennysheep_okawaru_gauntlet, nicolae_uskayaw_dance_hall,
          hangedman_abyss_or_decor_stagger
D:8:      layout_loops_ring, hangedman_glass_teeth
D:9:      layout_roguey, bloody_makhleb, uniq_psyche
D:10:     minmay_the_grid_square_5x5_3x3 [minmay_the_grid_square_5x5_bracketed,
          minmay_the_grid_square_5x5_six_small,
          minmay_the_grid_square_5x5_moneybag,
          minmay_the_grid_square_5x5_checkered,
          minmay_the_grid_square_5x5_megaprize_diamond,
          minmay_the_grid_square_5x5_spiral_small,
          minmay_the_grid_square_5x5_almost_minimal,
          minmay_the_grid_square_5x5_tie, minmay_the_grid_square_5x5_c],
          layout_rooms, mainiacjoe_overflow_big_doors, led_sif_pool, uniq_grum,
          uniq_nergalle
D:11:     layout_irregular_city, erik_lair_orcish_takeover, david_orc_2,
          uniq_erolcha, uniq_lodul, uniq_fannar
D:12:     gammafunk_wand_slinger, layout_rooms, gammafunk_ghost_hydra_chop
Temple:   eino_temple_lava

Skill      XL: |  1  2  3  4  5  6  7  8  9 10 11 12 |
---------------+-------------------------------------+-----
Armour         | 3 |  3.0
Short Blades   | 2 3 4 6 7 9 11 13 14 | 14.0
Shields        | 3 |  3.0
Throwing       | 1 2 |  2.0
Dodging        | 1 3 |  3.0
Stealth        | 1 3 4 5 |  5.0
Spellcasting   | 1 2 4 5 |  5.0
Invocations    | 1 4 6 9 |  9.8
Evocations     | 1 2 |  2.0
Shapeshifting  | 1 2 |  2.0
Fighting       | 4 5 |  5.1
Summonings     | 6 8 |  8.4

Action                     |  1- 3 |  4- 6 |  7- 9 | 10-12 || total
---------------------------+-------+-------+-------+-------++-------
  Melee: Rapier            |   131 |   145 |       |       ||   276
         Short sword       |       |   208 |   362 |       ||   570
         Dagger            |       |       |    22 |     6 ||    28
         Quick blade       |       |       |       |   759 ||   759
  Throw: Stone             |     3 |     8 |     6 |     2 ||    19
         Dart              |       |     2 |    10 |    36 ||    48
         Javelin           |       |       |     3 |     4 ||     7
   Cast: Call Imp          |       |       |       |    10 ||    10
 Invoke: Ancestor Life: He |       |       |       |     1 ||     1
  Evoke: Wand              |       |       |       |     4 ||     4
         Sack of spiders   |       |       |       |     1 ||     1
         Phantom mirror    |       |       |       |     1 ||     1
    Use: Scroll            |       |     3 |     4 |    10 ||    17
         Potion            |       |     1 |     2 |     8 ||    11
   Stab: Sleeping          |       |       |     8 |     6 ||    14
         Distracted        |       |       |     1 |     8 ||     9
         Confused          |       |       |       |    10 ||    10
 Armour: Scale mail        |    18 |       |       |       ||    18
         Plate armour      |    95 |   275 |   130 |       ||   500
         Chain mail        |       |       |    99 |     4 ||   103
         Steam dragon scal |       |       |       |    82 ||    82
         Acid dragon scale |       |       |       |    66 ||    66
  Dodge: Dodged            |    33 |    53 |    58 |   133 ||   277
         Repelled          |       |       |       |     1 ||     1
  Block: Buckler           |    29 |    85 |    56 |    70 ||   240

Table legend: (Time is in decaauts)
 A = Elapsed time spent in this place.
 B = Non-inter-level travel time spent in this place.
 C = Inter-level travel time spent in this place.
 D = Time resting spent in this place.
 E = Time spent auto-exploring this place.
 F = Levels seen in this place.
 G = Mean time per level.
                   A        B        C        D        E       F      G
               +--------+--------+--------+--------+--------+-----+--------+
         Total |  15923 |  12588 |   3335 |   2817 |   6270 |  14 | 1137.4 |
       Dungeon |  15591 |  12264 |   3327 |   2735 |   6154 |  12 | 1299.2 |
        Temple |     39 |     31 |      8 |      0 |      0 |   1 |   39.0 |
         Sewer |    292 |    292 |      0 |     82 |    115 |   1 |  292.0 |
               +--------+--------+--------+--------+--------+-----+--------+

Top non-repeatable levels by time:
     D:4: 1882 daAuts
     D:5: 1801 daAuts
     D:9: 1589 daAuts
    D:11: 1580 daAuts
     D:2: 1482 daAuts
    D:10: 1311 daAuts
     D:6: 1303 daAuts
     D:3: 1292 daAuts
     D:8: 1176 daAuts
     D:1: 1129 daAuts
     D:7: 988 daAuts
   Sewer: 292 daAuts
    D:12: 52 daAuts
  Temple: 39 daAuts
